 Dungeon Crawl Stone Soup version 0.31-a0-441-g867994ef1c (webtiles) character file.

Game seed: 13735531927482109395

43 CraigForest the Cudgeller (level 3, -3/36 HPs)
             Began as a Troll Berserker on Aug 2, 2023.
             Was a Believer of Trog.
             Slain by Sigmund
             ... wielding a +0 scythe
              (5 damage)
             ... on level 2 of the Dungeon.
             The game lasted 00:01:53 (756 turns).

CraigForest the Cudgeller (Troll Berserker)          Turns: 756, Time: 00:01:53

Health: -3/36      AC:  4    Str: 27    XL:     3   Next: 37%
Magic:  2/2        EV: 10    Int:  3    God:    Trog [**....]
Gold:   48         SH:  0    Dex:  9    Spells: 2/2 levels left

rFire   . . .        h - +3 whip
rCold   . . .        (no shield)
rNeg    . . .        b - +0 animal skin
rPois   .            (helmet restricted)
rElec   .            (no cloak)
rCorr   .            (gloves unavailable)
SInv    .            (boots unavailable)
Will    .....        (no amulet)
Stlth   +            (no ring)
HPRegen 1.06/turn    (no ring)
MPRegen 0.08/turn

%: no passive effects
@: no status effects
A: large, unfitting armour, claws 3, regeneration 1, shaggy fur 1, tough skin 1
a: Renounce Religion, Berserk, Trog's Hand


You were on level 2 of the Dungeon.
You worshipped Trog.
Trog was pleased with you.
You visited 1 branch of the dungeon, and saw 2 of its levels.

You collected 48 gold pieces.

Inventory:

Hand Weapons
 a - a +0 mace
 h - a +3 whip (weapon)
Armour
 b - a +0 animal skin (worn)
Scrolls
 c - a scroll of teleportation {unknown}
 e - 2 scrolls of identify {unknown}
 f - 2 scrolls of immolation {unknown}
 g - a scroll of summoning {unknown}
 l - a scroll of enchant weapon {unknown}
 m - a scroll of acquirement {unknown}
Potions
 d - 2 potions of invisibility {unknown}
 i - 2 potions of berserk rage {unknown}
 j - a potion of curing {unknown}
 k - a potion of lignification {unknown}


   Skills:
 + Level 2.8 Fighting
 + Level 3.2 Maces & Flails
 + Level 2.9 Dodging


You had 2 spell levels left.
You didn't know any spells.
Your spell library was empty.

Dungeon Overview and Level Annotations

Branches:
Dungeon (2/15)

Altars:

Annotations:
D:2 Sigmund


Innate Abilities, Weirdness & Mutations

You are too large for most types of armour.
You have claws for hands.
Your natural rate of healing is unusually fast.
You are covered in fur. (AC +1)
You have tough skin. (AC +1)


Message History

You whack the jackal!
You kill the jackal!
Trog accepts your kill. Something hits you but does no damage.
You hit the goblin.
You kill the goblin!
Trog accepts your kill.
You hear some strange, mumbled words.
A puff of flame appears from out of thin air!
The puff of flame hits you.
Things that are here:
a +0 dagger of venom; a goblin corpse You hit the worm.
The worm is moderately wounded.
Something hits you but does no damage. The worm completely misses you.
You hit the worm.
The worm is heavily wounded.
Something hits you!
You barely miss the worm.
The worm is heavily wounded.
The worm bites you.
You whack the worm!
The worm is almost dead.
Something hits you.
You whack the worm!
You kill the worm!
Trog accepts your kill. Something hits you.
You are too injured to fight recklessly!
You are too injured to fight recklessly!
You are too injured to fight recklessly!
You are too injured to fight recklessly!
You barely miss something. You closely miss something. Something hits you!
* * * LOW HITPOINT WARNING * * *
You hit something but do no damage. You barely miss something.
Something hits you!
* * * LOW HITPOINT WARNING * * *
You closely miss something. Something hits you.
You die...

# #.. #.#.. #
#.#.## .. .... "..
####†######## ....
#...........##.....
#.##..............$
#<#######.##.##.
#.......#@#
..>.......{...+
.###.#.#.#.##.## #.
.# #.... # # .. .
... #.......
########


There were no monsters in sight!

Vanquished Creatures
  2 worms (D:2)
  2 ball pythons (D:1)
  2 bats (D:1)
  3 endoplasms (D:1)
  A giant cockroach (D:1)
  4 goblins
  2 hobgoblins (D:1)
  4 jackals (D:2)
  2 quokkas (D:1)
  4 frilled lizards
  5 kobolds (D:1)
  3 rats (D:1)
34 creatures vanquished.

Notes
Turn   | Place    | Note
-------+----------+-------------------------------------------
     0 | D:1      | CraigForest the Troll Berserker began the quest for the
                  | Orb.
     0 | D:1      | Reached XP level 1. HP: 22/22 MP: 0/0
   105 | D:1      | Reached XP level 2. HP: 29/29 MP: 1/1
   259 | D:1      | Reached ** piety under Trog
   260 | D:1      | Reached skill level 3 in Maces & Flails
   542 | D:1      | Reached XP level 3. HP: 36/36 MP: 2/2
   648 | D:1      | Found a faded altar of an unknown god.
   737 | D:2      | Noticed Sigmund
   755 | D:2      | HP: 1/36 [something (10)]
   756 | D:2      | Slain by Sigmund

Illustrated notes

Levels and vault maps discovered:
D:1:      dpeg_arrival_simpleton_a, layout_loops_ring, basic_ecumenical_altar
D:2:      layout_basic, basic_altar, uniq_natasha, uniq_sigmund

Skill      XL: |  1  2 |
---------------+-------+-----
Maces & Flails | 3 |  3.2
Fighting       | |  2.8
Dodging        | |  2.9

Action                     || total
---------------------------++-------
  Melee: Mace              ||    33
         Whip              ||    50
 Armour: Animal skin       ||    25
  Dodge: Dodged            ||    30

Table legend: (Time is in decaauts)
 A = Elapsed time spent in this place.
 B = Non-inter-level travel time spent in this place.
 C = Inter-level travel time spent in this place.
 D = Time resting spent in this place.
 E = Time spent auto-exploring this place.
 F = Levels seen in this place.
 G = Mean time per level.
                   A        B        C        D        E       F      G
               +--------+--------+--------+--------+--------+-----+--------+
         Total |    761 |    761 |      0 |      0 |    559 |   2 |  380.5 |
       Dungeon |    761 |    761 |      0 |      0 |    559 |   2 |  380.5 |
               +--------+--------+--------+--------+--------+-----+--------+

Top non-repeatable levels by time:
     D:1: 727 daAuts
     D:2: 33 daAuts
